 Dungeon Crawl Stone Soup version 0.21-a0-621-gc60411f (webtiles) character file.

163 Amnesiac the Insei (level 5, -2/35 HPs)
             Began as an Octopode Transmuter on Dec 23, 2017.
             Slain by an orc
             ... wielding a +0 hand axe
              (7 damage)
             ... on level 3 of the Dungeon.
             The game lasted 00:02:32 (2783 turns).

Amnesiac the Insei (Octopode Transmuter)            Turns: 2783, Time: 00:02:33

Health: -2/35      AC:  1    Str:  9    XL:     5   Next: 44%
Magic:  8/8        EV: 14    Int: 15    God:
Gold:   131        SH:  0    Dex: 14    Spells: 2/8 levels left

rFire    . . .     SeeInvis .     - Unarmed
rCold    . . .     Gourm    .   (no shield)
rNeg     . . .     Faith    .   (helmet restricted)
rPois    .         Spirit   .   (no amulet)
rElec    .         Reflect  .   (no ring)
rCorr    .         Harm     .   (no ring)
MR       .....                  (no ring)
Stlth    ++........             (no ring)
HPRegen  0.11/turn              (no ring)
MPRegen  0.11/turn              (no ring)
                                (no ring)
                                (no ring)

@: no status effects
A: almost no armour, stealthy swim, amphibious, 8 rings, constrict 8, camouflage
1, gelatinous body 1
a: no special abilities


You were on level 3 of the Dungeon.
You were not hungry.

You visited 1 branch of the dungeon, and saw 3 of its levels.

You collected 131 gold pieces.

Inventory:

Hand Weapons
 u - a +0 blowgun
Missiles
 a - 51 arrows
 g - 128 stones (quivered)
 t - 14 poisoned needles
Jewellery
 s - an uncursed ring of stealth {unknown}
Wands
 q - a wand of polymorph (15)
Scrolls
 d - a scroll of fear {!r, unknown}
 f - a scroll of identify {!r}
 k - a scroll of enchant weapon {!r, unknown}
 l - a scroll of teleportation {!r, unknown}
 m - a scroll of remove curse {!r}
 n - a scroll of noise {!r, unknown}
 o - a scroll of blinking {!r, unknown}
Potions
 e - 3 potions of haste {!q}
 h - a potion of berserk rage {!q, unknown}
 i - a potion of agility {!q}
 j - a potion of flight {!q, unknown}
 p - a potion of curing {!q, unknown}
Books
 b - a book of Changes

   Spells                             Type                      Level
   a - Beastly Appendage              Transmutation                1
   b - Sticks to Snakes               Transmutation                2
   c - Spider Form                    Transmutation/Poison         3
   d - Ice Form                       Ice/Transmutation            4
   e - Blade Hands                    Transmutation                5
Comestibles
 c - 6 rations
 r - a chunk of flesh


   Skills:
 + Level 2.5 Fighting
 + Level 2.3 Dodging
 * Level 3.8 Unarmed Combat
 + Level 2.4 Spellcasting
 * Level 3.6 Transmutations


You had 2 spell levels left.
You knew the following spells:

 Your Spells              Type           Power        Failure   Level  Hunger
a - Beastly Appendage     Tmut           ##....       4%          1    #......
b - Sticks to Snakes      Tmut           ##......     7%          2    ###....
e - Spider Form           Tmut/Pois      #.........   30%         3    ###....


Dungeon Overview and Level Annotations

Branches:
Dungeon (3/15)

Altars:
Ashenzari
Qazlal


Innate Abilities, Weirdness & Mutations

You cannot wear most types of armour.
You are very stealthy in the water. (Stealth+)
You are amphibious.
You can wear up to eight rings at the same time.
You can use your tentacles to constrict eight enemies at once.
Your skin changes colour to match your surroundings (Stealth+).
Your rubbery body absorbs attacks. (AC +1, EV +1)


Message History

Press: ? - help, Shift-Dir - straight line, f/p - orc priest
Aim: an orc priest, wielding a flail (lightly wounded)
You throw a stone. The orc shouts!
The stone hits the orc priest.
The orc priest is lightly wounded.
An orc comes into view. It is wielding a hand axe.
There are monsters nearby!
Throwing (i - inventory):
g - 129 stones (quivered)
Press: ? - help, Shift-Dir - straight line, f/p - orc priest
Aim: an orc priest, wielding a flail (lightly wounded)
You throw a stone. The orc shouts!
The stone hits the orc priest.
The orc priest is moderately wounded.
You tentacle-slap the orc priest. You grab the orc priest.
You tentacle-slap the orc priest.
The orc priest is severely wounded.
You constrict the orc priest, but do no damage.
The orc priest hits you with a flail.
You tentacle-slap the orc priest.
You kill the orc priest!
The orc hits you with a short sword.
You tentacle-slap the orc. You grab the orc.
The orc is almost dead.
You constrict the orc, but do no damage.
The orc hits you with a short sword.
* * * LOW HITPOINT WARNING * * *
You barely miss the orc.
The orc is almost dead.
You constrict the orc, but do no damage.
The orc hits you with a short sword!
* * * LOW HITPOINT WARNING * * *
You tentacle-slap the orc.
You kill the orc!
The orc misses you.
Unknown command.
You tentacle-slap the orc. You grab the orc.
The orc is severely wounded.
You constrict the orc.
You kill the orc!
The orc hits you with a hand axe.
* * * LOW HITPOINT WARNING * * *
Unknown command.
You closely miss the orc. The orc hits you with a hand axe.
* * * LOW HITPOINT WARNING * * *
Unknown command.
You tentacle-slap the orc. You grab the orc.
The orc is lightly wounded.
You constrict the orc, but do no damage.
Unknown command.
You tentacle-slap the orc but do no damage.
The orc is lightly wounded.
You constrict the orc. The orc misses you.
You tentacle-slap the orc but do no damage.
The orc is moderately wounded.
You constrict the orc, but do no damage.
The orc hits you with a hand axe.
* * * LOW HITPOINT WARNING * * *
You tentacle-slap the orc but do no damage.
The orc is moderately wounded.
You constrict the orc, but do no damage.
The orc hits you with a hand axe!
You die...

#... ......# .... #..(...#
..## #.(....# .. ##.(....#
#.(.....#####
###...........$.
##..o)..............
##...@).....#.........
##...).................
#................... ..
####.........<....####
###..................#
####...............# #.. #.
.# #....#.............#####.
#.
.####.....##..............)..
#.
.............................


You could see an orc.

Vanquished Creatures
  An orc priest (D:3)
  Crazy Yiuf (D:2)
  4 adders (D:2)
  2 worms
  A dart slug (D:2)
  3 leopard geckos
  2 orcs (D:3)
  2 ball pythons (D:1)
  2 hobgoblins
  7 jackals (D:1)
  8 bats
  4 frilled lizards
  7 goblins
  9 kobolds
  5 rats
58 creatures vanquished.

Notes
Turn   | Place    | Note
-------+----------+-------------------------------------------
     0 | D:1      | Amnesiac the Octopode Transmuter began the quest for the Orb.
     0 | D:1      | Reached XP level 1. HP: 13/13 MP: 3/3
   314 | D:1      | Reached XP level 2. HP: 7/18 MP: 5/5
   774 | D:1      | Reached XP level 3. HP: 10/24 MP: 6/6
   778 | D:1      | Learned a level 2 spell: Sticks to Snakes
   782 | D:1      | Learned a level 3 spell: Spider Form
  1576 | D:2      | Found a runed door.
  1620 | D:2      | Reached XP level 4. HP: 4/29 MP: 7/7
  1646 | D:2      | HP: 1/29 [poisoned by an adder]
  2016 | D:2      | Found a stormy altar of Qazlal.
  2171 | D:2      | Found a shattered altar of Ashenzari.
  2512 | D:2      | Noticed Crazy Yiuf
  2519 | D:2      | Killed Crazy Yiuf
  2519 | D:2      | Reached XP level 5. HP: 20/35 MP: 4/8
  2783 | D:3      | Slain by an orc

Vault maps used:
D:1:      eino_arrival_cavern_d
D:2:      evilmike_ruin_ashenzari, first_ration, grunt_qazlal_sundering,
          uniq_crazy_yiuf_cottage
D:3:      kennysheep_big_flooded_room, nicolae_overflow_hidden_temple

Skill      XL: |  1  2  3 |
---------------+----------+-----
Fighting       | 2 |  2.5
Transmutations | 3 |  3.6
Dodging        | |  2.3
Unarmed Combat | |  3.8
Spellcasting   | |  2.4

Action                   |  1- 3 |  4- 6 || total
-------------------------+-------+-------++-------
Melee: Unarmed           |    99 |    52 ||   151
       Constrict         |    18 |    11 ||    29
       Tentacles         |    14 |     3 ||    17
       Punch             |     1 |     2 ||     3
Throw: Stone             |    40 |    59 ||    99
 Cast: Spider Form       |       |     1 ||     1
  Use: Scroll            |     2 |       ||     2
       Potion            |     2 |       ||     2
 Stab: Sleeping          |     2 |       ||     2
       Distracted        |     1 |       ||     1
  Eat: Chunk             |     2 |     4 ||     6
Armor: Skin              |    11 |     3 ||    14
Dodge: Dodged            |    68 |    26 ||    94

Table legend:
 A = Spawn XP
 B = Non-spawn XP
 C = Spawn XP percentage of total XP
 D = Spawn monster count
 E = Non-spawn monster count
 F = Spawn count percentage of total count
 G = Total turns spent on level
                    A         B        C        D         E        F      G
               +---------+---------+-------+---------+---------+-------+---------
         Total |       0 |     233 |   0.0 |       0 |      58 |   0.0 |  2783
               +---------+---------+-------+---------+---------+-------+---------
           D:1 |       0 |      41 |   0.0 |       0 |      24 |   0.0 |  1382
           D:2 |       0 |     126 |   0.0 |       0 |      24 |   0.0 |  1236
           D:3 |       0 |      66 |   0.0 |       0 |      10 |   0.0 |   165
               +---------+---------+-------+---------+---------+-------+---------
